 Dungeon Crawl Stone Soup version 0.31-a0-435-g2c6fae2916 (webtiles) character file.

Game seed: 11662302863759220947

0 randomguy2701 the Grave Robber (level 1, -1/13 HPs)
             Began as a Mummy Necromancer on Aug 2, 2023.
             Slain by a goblin
             ... wielding a +0 dagger
              (3 damage)
             ... on level 1 of the Dungeon.
             The game lasted 00:00:19 (61 turns).

randomguy2701 the Grave Robber (Mummy Necromancer)    Turns: 61, Time: 00:00:19

Health: -1/13      AC:  2    Str: 11    XL:     1   Next: 8%
Magic:  1/4        EV: 12    Int: 14    God:
Gold:   0          SH:  0    Dex: 12    Spells: 4/5 levels left

rFire   x . .        (no weapon)
rCold   + . .        (no shield)
rNeg    + + +        a - +0 robe
rPois   ∞            (no helmet)
rElec   .            (no cloak)
rCorr   .            (no gloves)
SInv    .            (no boots)
Will    .....        (no amulet)
Stlth   ++           (no ring)
HPRegen 0.22/turn    (no ring)
MPRegen 0.09/turn

%: faith
@: no status effects
A: cold resistance 1, negative energy resistance 3, torment resistance 2, heat
vulnerability 1, no potions, faith
a: no special abilities


You were on level 1 of the Dungeon.
You visited 1 branch of the dungeon, and saw 1 of its levels.

Inventory:

Armour
 a - a +0 robe (worn)


   Skills:
 + Level 1.6 Dodging
 + Level 1.5 Stealth
 + Level 2.6 Spellcasting
 + Level 4.0 Necromancy


You had 4 spell levels left.
You knew the following spells:

 Your Spells              Type           Power      Damage    Failure   Level
a - Necrotise             Necr           52%        1d6       4%          1

Your spell library contained the following spells:

 Spells                   Type           Power      Damage    Failure   Level
 Vampiric Draining        Necr           13%        2d6       13%         3
 Animate Dead             Necr           13%        N/A       38%         4
 Agony                    Necr           13%        N/A       75%         5


Dungeon Overview and Level Annotations

Branches:
Dungeon (1/15)

Altars:


Innate Abilities, Weirdness & Mutations

You are immune to poison.
Your flesh is cold resistant. (rC+)
You are immune to negative energy. (rN+++)
You are immune to unholy pain and torment.
You are vulnerable to heat. (rF-)
You do not drink.
You have a special connection with the divine. (Faith)


Message History

You are out of magic!
You are out of magic!
You are out of magic!
You are out of magic!
Your kobold skeleton barely misses the goblin.
Your kobold skeleton barely misses the goblin.
The goblin hits you with a +0 dagger. The goblin attacks as you move away!
The goblin hits you but does no damage.
Your magical contamination has completely faded away.
The goblin attacks as you move away! The goblin hits you with a +0 dagger.
You see here a +0 whip.
The goblin completely misses you.
Your kobold skeleton closely misses the goblin.
The goblin hits you with a +0 dagger.
Your kobold skeleton hits the goblin.
You are too injured to fight recklessly!
You are too injured to fight recklessly!
Casting: Necrotise (safe; 4% risk of failure)
Confirm with . or Enter, or press ? or * to list all spells.
Aiming: Necrotise (safe; 4% risk of failure)
Press: ? - help, Shift-Dir - straight line, f/p - goblin
Aim: a goblin, wielding a +0 dagger (moderately wounded, ally target, chance to affect: 83%)
You miscast Necrotise.
You are very lightly contaminated with residual magic.
Nothing appears to happen.
The goblin hits you with a +0 dagger.
Your kobold skeleton hits the goblin.
The goblin misses you.
Your kobold skeleton misses the goblin.
The goblin barely misses you.
Your kobold skeleton completely misses the goblin.
The goblin closely misses you.
Your kobold skeleton completely misses the goblin.
The goblin barely misses you. The goblin hits you with a +0 dagger.
Your kobold skeleton hits the goblin.
The goblin misses you.
Your magical contamination has completely faded away.
Your kobold skeleton crumbles into dust!
The goblin hits you but does no damage. The goblin hits you with a +0 dagger.
* * * LOW HITPOINT WARNING * * *
The goblin hits you with a +0 dagger.
You die...

###### ## ## ..#.! .#
##. #..# .## ..#
#.#### .. # #.#
#....# .# #. #.##
##.##)##.####
#.##..###..##.......#
#........#..@g...##.#
###........#####.#
#...###### ... #...#
###.# ##.## #
####.### #......#
#.##.#.# #....#.#


You could see a goblin.

Vanquished Creatures
  A kobold (D:1)
1 creature vanquished.

Notes
Turn   | Place    | Note
-------+----------+-------------------------------------------
     0 | D:1      | randomguy2701 the Mummy Necromancer began the quest for the
                  | Orb.
     0 | D:1      | Reached XP level 1. HP: 13/13 MP: 4/4
    61 | D:1      | Slain by a goblin

Illustrated notes

Levels and vault maps discovered:
D:1:      dpeg_arrival_short_road, layout_loops_cross

Action                     || total
---------------------------++-------
   Cast: Necrotise         ||     3
 Armour: Robe              ||     2
  Dodge: Dodged            ||     7

Table legend: (Time is in decaauts)
 A = Elapsed time spent in this place.
 B = Non-inter-level travel time spent in this place.
 C = Inter-level travel time spent in this place.
 D = Time resting spent in this place.
 E = Time spent auto-exploring this place.
 F = Levels seen in this place.
 G = Mean time per level.
                   A        B        C        D        E       F      G
               +--------+--------+--------+--------+--------+-----+--------+
         Total |     61 |     61 |      0 |      0 |     29 |   1 |   61.0 |
       Dungeon |     61 |     61 |      0 |      0 |     29 |   1 |   61.0 |
               +--------+--------+--------+--------+--------+-----+--------+

Top non-repeatable levels by time:
     D:1: 61 daAuts
